 Dungeon Crawl Stone Soup version 0.20.1-1-g8b1a95d (webtiles) character file.

82 theAP the Digger (level 4, -4/24 HPs)
             Began as a Gargoyle Earth Elementalist on Sept 2, 2017.
             Slain by Grinder (7 damage)
             ... while paralysed by Grinder
             ... on level 3 of the Dungeon.
             The game lasted 00:06:29 (1958 turns).

theAP the Digger (Gargoyle Earth Elementalist)      Turns: 1958, Time: 00:06:29

Health: -4/24      AC:  5    Str: 11    XL:     4   Next: 43%
Magic:  2/8        EV:  2    Int: 17    God:
Gold:   79         SH:  0    Dex: 10    Spells: 5/9 levels left

rFire    . . .     SeeInvis .   (no weapon)
rCold    . . .     Gourm    .   (no shield)
rNeg     + . .     Faith    .   i - +0 robe
rPois    ∞         Spirit   .   (no helmet)
rElec    +         Reflect  .   (no cloak)
rCorr    .         Harm     .   (no gloves)
MR       .....                  (no boots)
Stlth    ++........             (no amulet)
Regen    0.1/turn               g - ring of poison resistance
MPRegen  0.2/turn               (no ring)

@: paralysed, berserk cooldown, hasted and slowed
A: negative energy resistance 1, electricity resistance, unbreathing,
petrification resistance, rot immunity, AC +3
a: no special abilities


You were on level 3 of the Dungeon.
You were not hungry.

You visited 1 branch of the dungeon, and saw 3 of its levels.

You collected 79 gold pieces.

Inventory:

Missiles
 b - 34 stones (quivered)
Armour
 c - a +0 robe
 i - a +0 robe (worn)
Jewellery
 g - a ring of poison resistance (left hand)
Scrolls
 f - a scroll of noise {unknown}
 h - a scroll of remove curse
Potions
 a - a potion of haste
 k - a potion of lignification {unknown}
 l - a potion of might {unknown}
 n - 2 potions of magic {unknown}
Books
 e - a book of Geomancy

   Spells                             Type                      Level
   a - Sandblast                      Earth                        1
   b - Passwall                       Transmutation/Earth          2
   c - Stone Arrow                    Conjuration/Earth            3
   d - Petrify                        Transmutation/Earth          4
   e - Lee's Rapid Deconstruction     Earth                        5
Comestibles
 d - a bread ration
 o - a royal jelly


   Skills:
 - Level 1.5 Dodging
 - Level 2.1 Stealth
 + Level 3.0 Spellcasting
 + Level 1.9 Conjurations
   Level 0.7 Transmutations
 + Level 4.6 Earth Magic


You had 5 spell levels left.
You knew the following spells:

 Your Spells              Type           Power        Failure   Level  Hunger
a - Sandblast             Erth           ###...       2%          1    None
b - Stone Arrow           Conj/Erth      ##....       14%         3    ###....


Dungeon Overview and Level Annotations

Branches:
Dungeon (3/15)

Altars:
Nemelex Xobeh

Annotations:
D:3 Grinder


Innate Abilities, Weirdness & Mutations

You are resistant to torment.
Your stone body is resilient. (AC +3)
You are immune to poison.
You resist negative energy. (rN+)
You are resistant to electric shocks. (rElec)
You can survive without breathing.
You are immune to petrification.
You are immune to rotting.


Message History

Grinder misses you.
There is a stone staircase leading down here.
You completely miss Grinder.
Grinder is severely wounded.
Grinder gestures at you.
You barely resist. You closely miss Grinder.
Grinder is severely wounded.
You are no longer berserk.
You are exhausted.
You feel yourself slow down.
You hit Grinder but do no damage.
Grinder is severely wounded.
Grinder blinks!
Grinder gestures at you.
You suddenly lose the ability to move!
Grinder gestures at you.
You barely resist. Grinder hits you!
You die...

##.......⌠.⌠##
#.........##
#.#.##########
#...# #<...#
##..# #.####
#.)#####.#
#........#
#.5.#.####
##@.#.#
###>.#.#
#....#.#
#.#..#.#
#......#
########


You could see Grinder.

Vanquished Creatures
  3 adders (D:2)
  An ooze (D:1)
  2 leopard geckos
  An orc (D:2)
  4 bats
  5 giant cockroaches
  6 goblins
  6 hobgoblins
  A quokka (D:3)
  A ball python (D:1)
  5 frilled lizards
  4 kobolds
  7 rats
46 creatures vanquished.

Notes
Turn   | Place    | Note
-------+----------+-------------------------------------------
     0 | D:1      | theAP the Gargoyle Earth Elementalist began the quest for the Orb.
     0 | D:1      | Reached XP level 1. HP: 10/10 MP: 3/3
   268 | D:1      | Reached XP level 2. HP: 15/15 MP: 1/5
   384 | D:1      | Reached skill level 4 in Earth Magic
   628 | D:1      | Reached XP level 3. HP: 19/19 MP: 4/7
   825 | D:1      | Learned a level 3 spell: Stone Arrow
  1043 | D:2      | Reached skill level 1 in Conjurations
  1488 | D:2      | Reached XP level 4. HP: 24/24 MP: 5/8
  1696 | D:3      | Noticed Grinder
  1871 | D:3      | Found a sparkling altar of Nemelex Xobeh.
  1923 | D:3      | Paralysed by Grinder for 5 turns
  1954 | D:3      | Paralysed by Grinder for 7 turns
  1958 | D:3      | Slain by Grinder

Skill      XL: |  1  2  3  4 |
---------------+-------------+-----
Earth Magic    | 4 |  4.6
Conjurations   | 1 |  1.9
Spellcasting   | 3 |  3.0
Dodging        | |  1.5
Stealth        | |  2.1
Transmutations | |  0.7

Action                   |  1- 3 |  4- 6 || total
-------------------------+-------+-------++-------
Melee: Unarmed           |     5 |    16 ||    21
 Cast: Sandblast         |    57 |    16 ||    73
       Stone Arrow       |       |     2 ||     2
  Use: Scroll            |       |     3 ||     3
       Potion            |       |     3 ||     3
  Eat: Chunk             |     2 |       ||     2
       Bread ration      |       |     1 ||     1
Armor: Robe              |    13 |     6 ||    19
Dodge: Dodged            |    30 |    10 ||    40
